 Dungeon Crawl Stone Soup version 0.25-a0-517-gf8b3a32422 (webtiles) character file.

Game seed: 18184430601432536023, levelgen mode: deterministic

2687 Error4North the Blocker (level 9, -3/68 HPs)
             Began as a Formicid Fighter on Feb 17, 2020.
             Was a Believer of Okawaru.
             Slain by a quokka (4 damage)
             ... summoned by Gastronok
             ... on level 8 of the Dungeon.
             The game lasted 00:26:00 (6395 turns).

Error4North the Blocker (Formicid Fighter)          Turns: 6395, Time: 00:26:00

Health: -3/68      AC: 13    Str: 22    XL:     9   Next: 96%
Magic:  12/12      EV: 10    Int: 14    God:    Okawaru [**....]
Gold:   240        SH: 16    Dex: 10    Spells: 8/8 levels left

rFire    + + .     SeeInvis +   A - +0 battleaxe
rCold    . . .     Gourm    .   b - +5 kite shield of Summertime {rCorr Str-2 Int+6}
rNeg     . . .     Faith    .   x - +0 scale mail {rF+}
rPois    +         Spirit   .   (helmet unavailable)
rElec    .         Reflect  .   l - +0 cloak
rCorr    +         Harm     .   p - +1 pair of gloves
MR       .....                  a - +0 pair of boots
Stlth    ..........             (no amulet)
HPRegen  0.21/turn              s - ring of protection from fire
MPRegen  0.13/turn              u - ring of poison resistance

@: no status effects
A: permanent stasis, dig shafts and tunnels, four strong arms, antennae 3
a: Dig, Shaft Self, Heroism, Renounce Religion


You were on level 8 of the Dungeon.
You worshipped Okawaru.
Okawaru was pleased with you.
You were not hungry.

You visited 2 branches of the dungeon, and saw 9 of its levels.
You also visited: Sewer.

You collected 525 gold pieces.
You spent 285 gold pieces at shops.

Inventory:

Hand Weapons
 A - a +0 battleaxe (weapon)
Armour
 a - a +0 pair of boots (worn)
 b - the +5 kite shield of Summertime (worn) {rCorr Str-2 Int+6}
   (You bought it in a shop on level 4 of the Dungeon)

   It affects your strength (-2).
   It affects your intelligence (+6).
   It provides partial protection from all sources of acid and corrosion.
 l - a +0 cloak (worn)
 p - a +1 pair of gloves (worn)
 x - a +0 scale mail of fire resistance (worn)
Jewellery
 c - an uncursed ring of see invisible {unknown}
 s - a ring of protection from fire (left hand)
 u - a ring of poison resistance (right hand)
Wands
 q - a wand of iceblast (11)
 r - a wand of paralysis (13)
 t - a wand of flame (78)
Scrolls
 d - a scroll of blinking {unknown}
 e - 4 scrolls of remove curse
 h - 4 scrolls of identify
 j - 2 scrolls of teleportation {unknown}
 o - a scroll of fog {unknown}
 w - a scroll of amnesia {unknown}
 y - a scroll of enchant weapon {unknown}
 C - a scroll of magic mapping {unknown}
Potions
 m - 2 potions of brilliance
Comestibles
 f - 22 rations


   Skills:
 + Level 5.2 Fighting
 + Level 6.3 Axes
 * Level 7.6 Armour
 + Level 2.3 Dodging
 + Level 0.3 Stealth
 * Level 8.8 Shields
 * Level 4.9 Evocations


You had 8 spell levels left.
You didn't know any spells.
Your spell library was empty.

Dungeon Overview and Level Annotations

Branches:
Dungeon (8/15)             Temple (1/1) D:5           Sewer (visited)
   Lair: D:8-11

Altars:
Ashenzari
Cheibriados
Dithmenos
Elyvilon
Fedhas
Gozag
Hepliaklqana
Kikubaaqudgha
Makhleb
Nemelex Xobeh
Okawaru
Qazlal
Ru
Sif Muna
Trog
Uskayaw
Vehumet
Wu Jian
Xom
Zin
The Shining One

Shops:
D:4 [(!

Annotations:
D:7 2 transporters
D:8 Gastronok


Innate Abilities, Weirdness & Mutations

You cannot be hasted, slowed, berserked, paralysed or teleported.
You can dig through walls and to a lower floor.
Your four strong arms can wield two-handed weapons with a shield.
You have a pair of large antennae on your head. (SInv)


Message History

Gastronok is moderately wounded.
Gastronok bites you!!
* * * LOW HITPOINT WARNING * * *
You hit Gastronok.
Gastronok is heavily wounded.
Gastronok's eyestalks quiver as he mumbles some strange words.
You fail to use your ability.
The bat barely misses you.
A wyvern comes into view.
You block the quokka's attack.
You feel much better.
The wyvern hisses angrily.
You block the bat's attack. The quokka bites you. Gastronok bites you!!
* * * LOW HITPOINT WARNING * * *
You block the rat's attack.
The wyvern hisses menacingly.
Unknown command.
You block the quokka's attack. You block the rat's attack.
The bat closely misses you. You block the bat's attack. The quokka bites you.
You die...

##....#. ....
#......####...
##...........
.###..........#
..#..........## #
.....##$.....#.#....
..##......rl........
...........)r.w.......
#..#.......@b.........
##.#................$.
#.....................
##.........##..#.......
#......#.#..#..........
#.............#......
#.............#....
##.....##.......#
##................


You could see Gastronok, a wyvern, a quokka, a bat and a rat.

Vanquished Creatures
  A two-headed ogre (D:8)
  A spriggan (D:7)
  Eustachio (D:5)
  A sky beast (D:5)
  Purgy (Sewer)
  A phantom (D:6)
  4 ogres
  3 centaurs (D:7)
  Blork the orc (D:6)
  A scorpion (D:4)
  2 howler monkeys (D:7)
  A crimson imp (D:5)
  A bullfrog zombie (D:5)
  A hound (D:7)
  A jelly (D:7)
  A bullfrog skeleton (D:5)
  3 orc priests
  3 iguanas
  4 worker ants
  3 orc wizards
  2 hound skeletons
  9 adders
  2 river rats (D:3)
  An ooze (D:6)
  2 adder skeletons
  A worm (D:3)
  7 dart slugs
  4 leopard geckos
  12 orcs
  11 bats
  5 giant cockroaches
  3 goblins (D:2)
  4 hobgoblins
  11 jackals
  3 quokkas
  2 ball pythons
  7 frilled lizards
  5 kobolds
  A quokka skeleton (D:6)
  10 rats
137 creatures vanquished.

Vanquished Creatures (others)
  A quokka (D:3)
  2 fungi (D:7)
  3 toadstools (D:7)
6 creatures vanquished.

Grand Total: 143 creatures vanquished

Notes
Turn   | Place    | Note
-------+----------+-------------------------------------------
     0 | D:1      | Error4North the Formicid Fighter began the quest for the
                  | Orb.
     0 | D:1      | Reached XP level 1. HP: 18/18 MP: 1/1
    16 | D:1      | Reached XP level 2. HP: 18/24 MP: 2/2
   204 | D:1      | Reached skill level 4 in Shields
   446 | D:1      | Found a shattered altar of Ashenzari.
   496 | D:1      | Reached XP level 3. HP: 29/29 MP: 3/3
   786 | D:2      | Found an opulent altar of Gozag.
  1113 | D:2      | Reached XP level 4. HP: 37/37 MP: 4/4
  1116 | D:2      | Upgraded the game from 0.25-a0-513-ge77a69270c to
                  | 0.25-a0-517-gf8b3a32422
  1138 | D:2      | Found a shimmering altar of Xom.
  1138 | D:2      | Found an ornate altar of the Wu Jian Council.
  1140 | D:2      | Found a shadowy altar of Dithmenos.
  1438 | D:2      | Found a snail-covered altar of Cheibriados.
  1719 | D:3      | Reached XP level 5. HP: 15/42 MP: 5/5
  1779 | D:3      | Found a blossoming altar of Fedhas.
  2059 | D:3      | Found a white marble altar of Elyvilon.
  2073 | D:3      | Reached skill level 5 in Shields
  2073 | D:3      | Reached XP level 6. HP: 32/48 MP: 6/6
  2197 | D:3      | Found a glowing drain.
  2203 | Sewer    | Entered a sewer
  2240 | Sewer    | Noticed Purgy
  2265 | Sewer    | Killed Purgy
  2265 | Sewer    | Reached skill level 5 in Armour
  2265 | Sewer    | Reached skill level 1 in Dodging
  2265 | Sewer    | Reached skill level 6 in Shields
  2265 | Sewer    | Reached XP level 7. HP: 52/54 MP: 7/7
  2830 | D:4      | Found Ocetesah's Antique Armour Emporium.
  3040 | D:4      | Found a sparkling altar of Nemelex Xobeh.
  3104 | D:4      | Found Fohe's Distillery.
  3105 | D:4      | Found Huttoikh's Weapon Shoppe.
  3396 | D:5      | Entered Level 5 of the Dungeon
  3396 | D:5      | Found a staircase to the Ecumenical Temple.
  3484 | D:5      | Noticed Eustachio
  3510 | D:5      | Killed Eustachio
  3510 | D:5      | Reached XP level 8. HP: 52/61 MP: 8/8
  3548 | D:5      | Reached skill level 7 in Shields
  3548 | D:5      | Reached skill level 1 in Evocations
  3758 | D:5      | Found a hazy altar of Hepliaklqana.
  3954 | Temple   | Entered the Ecumenical Temple
  3961 | Temple   | Became a worshipper of Warmaster Okawaru
  4465 | D:6      | Noticed Blork the orc
  4491 | D:6      | Killed Blork the orc
  4966 | D:7      | Reached skill level 5 in Axes
  5158 | D:7      | Reached * piety under Okawaru
  5158 | D:7      | Reached XP level 9. HP: 58/66 MP: 11/11
  5426 | D:7      | Noticed a queen bee
  5475 | D:7      | Found a transporter.
  5479 | D:7      | Found a transporter.
  5725 | D:7      | Reached skill level 8 in Shields
  6004 | D:7      | Reached skill level 5 in Fighting
  6218 | D:4      | Bought a bloodstained kite shield for 285 gold pieces
  6228 | D:4      | Identified the +5 kite shield of Summertime {rCorr Str-2
                  | Int+6} (You bought it in a shop on level 4 of the Dungeon)
  6371 | D:8      | Noticed a two-headed ogre
  6378 | D:8      | Noticed Gastronok
  6380 | D:8      | Killed a two-headed ogre
  6380 | D:8      | Reached ** piety under Okawaru
  6392 | D:8      | HP: 1/68 [Gastronok (32)]
  6395 | D:8      | Slain by a quokka

Levels and vault maps discovered:
D:1:      dpeg_arrival_boxorama, layout_basic, ashenzari_altar_1
D:2:      layout_basic, old_standard_altar, minitemple, first_ration,
          kennysheep_slug_shrine
D:3:      layout_basic, elyvilon_altar_4, portal_sewer_entry_e, fedhas_altar_1
D:4:      layout_cave_pods, old_standard_altar, serial_shops,
          nicolae_shop_statue_plus, shop, nicolae_shop_crystal
D:5:      layout_gridville, lemuel_crystal_altar, minmay_temple_entry_slanted,
          minmay_misc_feat_square, uniq_eustachio
D:6:      layout_basic, uniq_blork_the_orc
D:7:      layout_loops_cross, gammafunk_ghost_hive, the_bakery,
          minmay_gold_behind_fungi
D:8:      layout_cave_pools, gammafunk_ghost_hive, uniq_gastronok
Temple:   eino_temple_lava

Skill      XL: |  1  2  3  4  5  6  7  8  9 |
---------------+----------------------------+-----
Shields        | 4 5 6 7 8 |  8.8
Armour         | 4 5 6 7 |  7.6
Fighting       | 4 5 |  5.2
Axes           | 3 4 5 6 |  6.3
Dodging        | 1 2 |  2.3
Evocations     | 3 4 |  4.9
Stealth        | |  0.3

Action                   |  1- 3 |  4- 6 |  7- 9 || total
-------------------------+-------+-------+-------++-------
Melee: War axe           |    78 |   172 |   193 ||   443
       Battleaxe         |       |       |   144 ||   144
Invok: Heroism           |       |       |     1 ||     1
 Abil: Dig               |     1 |       |       ||     1
  Use: Potion            |       |     4 |     8 ||    12
       Scroll            |       |       |     5 ||     5
  Eat: Chunk             |     1 |     4 |    12 ||    17
       Ration            |       |       |     1 ||     1
Armor: Scale mail        |    48 |   141 |   152 ||   341
Dodge: Dodged            |    41 |    96 |   174 ||   311
Block: Kite shield       |    41 |   184 |   207 ||   432

Table legend:
 A = Non-vault XP
 B = Vault XP
 C = Vault XP percentage of total XP
 D = Non-vault monster count
 E = Vault monster count
 F = Vault count percentage of total count
                 A         B        C        D         E       F
            +---------+---------+-------+---------+---------+-------
      Total |    3162 |     677 |  17.6 |     119 |      18 |  13.1
            +---------+---------+-------+---------+---------+-------
        D:1 |      30 |       0 |   0.0 |      14 |       0 |   0.0
        D:2 |      45 |       4 |   8.2 |      20 |       1 |   4.8
        D:3 |     287 |      51 |  15.1 |      32 |       8 |  20.0
        D:4 |     245 |       0 |   0.0 |       9 |       0 |   0.0
        D:5 |     511 |     176 |  25.6 |      12 |       1 |   7.7
        D:6 |     166 |      90 |  35.2 |       7 |       1 |  12.5
        D:7 |     984 |     224 |  18.5 |      24 |       1 |   4.0
        D:8 |     894 |       0 |   0.0 |       1 |       0 |   0.0
      Sewer |       0 |     132 | 100.0 |       0 |       6 | 100.0
            +---------+---------+-------+---------+---------+-------
